 Dungeon Crawl Stone Soup version 0.28-a0-1567-g1695149f81 (webtiles) character file.

Game seed: 13723727097039519967

11243 tatocazan the Unseen (level 11, -11/56 HPs)
             Began as a Spriggan Brigand on Jan 19, 2022.
             Was a Priest of Wu Jian.
             Killed from afar by an ice dragon (29 damage)
             ... with a blast of cold
             ... on level 11 of the Dungeon.
             The game lasted 00:19:37 (13298 turns).

tatocazan the Unseen (Spriggan Brigand)            Turns: 13298, Time: 00:19:38

Health: -11/56     AC:  9    Str: 13    XL:     11   Next: 46%
Magic:  12/12      EV: 25    Int: 20    God:    Wu Jian [***...]
Gold:   860        SH:  0    Dex: 22    Spells: 10/10 levels left

rFire   + . .      SeeInvis +   b - +8 hand crossbow "Pusism" {flame, rElec Int+4}
rCold   . . .      Faith    +   (no shield)
rNeg    . . .      Spirit   .   Q - +2 robe of Absence {rF+ rCorr Int+4}
rPois   .          Reflect  .   (helmet restricted)
rElec   +          Harm     .   c - +0 cloak
rCorr   +          Rampage  .   (gloves unavailable)
Will    +....                   (boots unavailable)
Stlth   +++++++...              n - amulet of faith
HPRegen 0.18/turn               l - +6 ring of strength
MPRegen 0.13/turn               B - +4 ring of protection

@: very quick
A: very small, no large weapons, unfitting armour, see invisible, speed 3
a: Renounce Religion, Wall Jump, Serpent's Lash


You were on level 11 of the Dungeon.
You worshipped Wu Jian.
Wu Jian was most pleased with you.
You visited 3 branches of the dungeon, and saw 13 of its levels.
You also visited: Ossuary and Bailey.

You collected 860 gold pieces.

Inventory:

Hand Weapons
 a - a +2 dagger
 b - the +8 hand crossbow "Pusism" (weapon) {flame, rElec Int+4}
   (You found it on level 7 of the Dungeon)

   Any ammunition fired from it burns those it strikes, dealing additional fire
   damage.
   Int:       It affects your intelligence (+4).
   rElec:     It insulates you from electricity.
 A - the +3 rapier "Azeum" {spect, rF+}
   (You acquired it on level 6 of the Dungeon)

   When its wielder attacks, the weapon's spirit leaps out and strikes again.
   The spirit shares a part of any damage it takes with its wielder.
   rF:        It protects you from fire.
Missiles
 d - 12 poisoned darts
 e - 4 curare-tipped darts
 r - a throwing net
 M - 9 bolts (quivered ammo)
Armour
 c - a +0 cloak (worn)
 L - a +0 robe of positive energy
 Q - the +2 robe of Absence (worn) {rF+ rCorr Int+4}
   (You acquired it in a bailey)

   Int:       It affects your intelligence (+4).
   rF:        It protects you from fire.
   rCorr:     It protects you from acid and corrosion.
Jewellery
 l - a +6 ring of strength (left hand)
 n - an amulet of faith (around neck)
 w - a ring of protection from fire
 B - a +4 ring of protection (right hand)
 G - a ring of positive energy
 N - a ring of flight
 P - a ring of magical power
Wands
 s - a wand of flame (12)
 D - a wand of polymorph (6)
Scrolls
 f - 5 scrolls of fear
 h - 5 scrolls of teleportation
 j - 6 scrolls of identify
 k - a scroll of vulnerability
 p - 2 scrolls of magic mapping
 x - 3 scrolls of enchant weapon {unknown}
 y - 6 scrolls of fog {unknown}
 E - 3 scrolls of enchant armour {unknown}
 J - a scroll of holy word {unknown}
 K - 2 scrolls of amnesia {unknown}
 O - a scroll of torment {unknown}
Potions
 g - 2 potions of lignification
 i - 4 potions of attraction {unknown}
 m - 10 potions of degeneration
 o - 3 potions of might {unknown}
 q - 3 potions of curing {unknown}
 t - 2 potions of invisibility {unknown}
 u - 3 potions of berserk rage {unknown}
 v - 2 potions of mutation {unknown}
 z - 3 potions of cancellation {unknown}
 C - 2 potions of ambrosia {unknown}
 F - a potion of haste {unknown}
 H - 4 potions of heal wounds {unknown}
 I - 2 potions of magic {unknown}
Miscellaneous
 R - a condenser vane


   Skills:
 + Level 5.6 Fighting
 + Level 11.4 Short Blades
 + Level 6.3 Crossbows
 - Level 2.1 Throwing
 + Level 8.7 Dodging
 + Level 16.4 Stealth


You had 10 spell levels left.
You didn't know any spells.
Your spell library contained the following spells:

 Spells                   Type           Power      Damage    Failure   Level
 Animate Skeleton         Necr           0%         N/A       19%         1
 Apportation              Tloc           0%         N/A       19%         1
 Beastly Appendage        Tmut           0%         N/A       19%         1
 Magic Dart               Conj           0%         1d3       19%         1
 Sandblast                Erth           0%         2d4       19%         1
 Summon Small Mammal      Summ           0%         N/A       19%         1
 Call Imp                 Summ           0%         N/A       28%         2
 Passwall                 Tmut/Erth      0%         N/A       28%         2
 Wereblood                Tmut           0%         N/A       28%         2
 Mephitic Cloud           Conj/Pois/Air  0%         N/A       50%         3
 Spider Form              Tmut/Pois      0%         N/A       50%         3
 Stone Arrow              Conj/Erth      0%         3d7       50%         3


Dungeon Overview and Level Annotations

Branches:
Dungeon (11/15)            Temple (1/1) D:6            Lair (0/6) D:11
    Orc (1/2) D:10        Ossuary (visited)          Bailey (visited)

Altars:
Ashenzari
Cheibriados
Dithmenos
Elyvilon
Fedhas
Gozag
Hepliaklqana
Kikubaaqudgha
Makhleb
Nemelex Xobeh
Okawaru
Qazlal
Ru
Sif Muna
Trog
Uskayaw
Vehumet
Wu Jian
Xom
Yredelemnul
Zin
The Shining One

Shops:
D:10 *

Portals:
Trove: D:11 (give +6 demon blade)

Annotations:
D:5 Menkaure
D:8 1 runed translucent door, lunkers's ghost, journeyman OpEE
D:9 3 runed translucent doors, AbsoluteStateOfPlay's ghost, novice MiBe


Innate Abilities, Weirdness & Mutations

You are very small and have problems with some larger weapons.
You are too small for most types of armour.
You have supernaturally acute eyesight. (SInv)
You cover ground extremely quickly. (Speed+++)


Message History

The polar bear rages.
You shoot a bolt. The bolt hits the polar bear.
The bolt burns the polar bear.
The polar bear is almost dead.
The polar bear bites you but does no damage.
The polar bear claws you but does no damage.
The polar bear misses you.
You shoot a bolt. The bolt hits the polar bear.
The bolt burns the polar bear.
The polar bear is almost dead.
The polar bear bites you but does no damage.
The polar bear completely misses you.
The polar bear claws you but does no damage.
The polar bear completely misses you. The polar bear claws you.
The polar bear barely misses you.
You take 6 damage, and have 38/56 hp.
The ice dragon breathes frost at you. The blast of cold misses you.
There is a stone staircase leading down here.
You shoot a bolt. The bolt hits the polar bear!
The bolt burns the polar bear.
You kill the polar bear!
The Council accepts your kill.
No target in view!
You shoot a bolt. The bolt hits the ice dragon!
The bolt burns the ice dragon.
The ice dragon is lightly wounded.
The ice dragon breathes frost at you. The blast of cold misses you.
You shoot a bolt. The bolt hits the ice dragon.
The bolt burns the ice dragon.
The ice dragon is lightly wounded.
You shoot a bolt. The bolt hits the ice dragon.
The bolt burns the ice dragon.
The ice dragon is lightly wounded.
You shoot a bolt. The bolt hits the ice dragon.
The bolt burns the ice dragon.
The ice dragon is moderately wounded.
You shoot a bolt. The bolt hits the ice dragon.
The bolt burns the ice dragon.
The ice dragon is moderately wounded.
The ice dragon breathes frost at you. The blast of cold hits you!!
You take 22 damage, and have 18/56 hp.
MASSIVE DAMAGE!!
The ice dragon breathes frost at you. The blast of cold hits you!!
Ouch! That really hurt!
You die...

...#.#######
...(..(D...#
...####(...# ..##
##....#######
..####.....((>(..#
..##.........###D#
.............# #.#
..##.).......# #.#
..####...[#### #@#
..# #....## #.#
..####.....# #.#
#.#....##.## #.#
..#.##.#...### #.#
###.##...∩...# #.#
###.##.#...#.###.#
...#...##.##.....#
###.###.#.########


You could see an ice dragon (catching breath).

Vanquished Creatures
  2 hydras (D:11)
  A two-headed ogre (D:11)
  Pikel (D:7)
  2 orc knights (Bailey)
  Maggie (D:7)
  Psyche (D:9)
  A kobold demonologist (D:11)
  A komodo dragon (D:11)
  A hornet (D:9)
  3 polar bears (D:11)
  Prince Ribbit (D:5)
  2 wraiths
  A shadow (D:8)
  A wyvern (D:7)
  7 yaks
  A steam dragon (D:10)
  An acid dragon (D:10)
  A black bear (D:6)
  2 ogres (D:5)
  5 orc warriors
  A necrophage (D:7)
  4 centaurs
  A phantom (D:6)
  3 wolves (D:11)
  A lemure (D:7)
  A bullfrog (D:6)
  2 scorpions
  A wyvern zombie (D:6)
  A water moccasin zombie (D:5)
  2 water moccasin skeletons
  6 killer bees (D:9)
  A vampire bat (D:8)
  7 wights
  A howler monkey (D:9)
  7 centaur zombies
  A bullfrog skeleton (D:4)
  A bullfrog zombie (D:5)
  A jelly (D:7)
  A centaur skeleton (D:7)
  5 iguanas
  4 orc wizards
  3 mummies (Ossuary)
  2 howler monkey zombies (D:9)
  6 gnolls
  4 adders
  A white imp (D:8)
  An ufetubus (D:5)
  A worm (D:3)
  4 dart slugs
  38 orcs
  5 ball pythons
  8 bats
  9 endoplasms
  2 giant cockroaches (D:2)
  9 goblins
  6 hobgoblins
  6 jackals
  3 quokkas (D:3)
  5 frilled lizards
  A gnoll zombie (Ossuary)
  A hobgoblin zombie (Ossuary)
  6 kobolds
  2 kobold zombies (Ossuary)
  2 orc zombies (Ossuary)
  5 rats
218 creatures vanquished.

Vanquished Creatures (others)
  2 orc warriors (Bailey)
  A fungus (D:8)
  8 plants
11 creatures vanquished.

Grand Total: 229 creatures vanquished

Notes
Turn   | Place    | Note
-------+----------+-------------------------------------------
     0 | D:1      | tatocazan the Spriggan Brigand began the quest for the Orb.
     0 | D:1      | Reached XP level 1. HP: 10/10 MP: 2/2
     2 | D:1      | Noticed a demigod
     2 | D:1      | Noticed a vampire
     4 | D:1      | Noticed a felid
     4 | D:1      | Noticed a troll
     6 | D:1      | Noticed a ghoul
     8 | D:1      | Noticed an octopode
     8 | D:1      | Noticed a demonspawn
    10 | D:1      | Noticed an ogre
    12 | D:1      | Noticed a gargoyle
    12 | D:1      | Noticed a human
    14 | D:1      | Noticed a merfolk
    14 | D:1      | Noticed a draconian
    16 | D:1      | Noticed a naga
    16 | D:1      | Noticed a tengu
    18 | D:1      | Noticed a spriggan
    18 | D:1      | Noticed an elf
    20 | D:1      | Noticed a vine stalker
    22 | D:1      | Noticed a minotaur
    22 | D:1      | Noticed a formicid
    24 | D:1      | Noticed a dwarf
    53 | D:1      | Reached skill level 6 in Stealth
   183 | D:1      | Reached XP level 2. HP: 4/15 MP: 3/3
  1161 | D:2      | Reached XP level 3. HP: 18/18 MP: 4/4
  1451 | D:2      | Reached skill level 7 in Stealth
  1594 | D:2      | Reached XP level 4. HP: 20/23 MP: 5/5
  2084 | D:3      | Found a radiant altar of Vehumet.
  2465 | D:3      | Found a sacrificial altar of Ru.
  2792 | D:3      | Found a basalt altar of Yredelemnul.
  3153 | D:3      | Reached XP level 5. HP: 26/26 MP: 6/6
  3330 | D:3      | Found a bloodstained altar of Trog.
  3337 | D:3      | Found an opulent altar of Gozag.
  3428 | D:4      | Reached skill level 8 in Stealth
  3516 | D:4      | Found a snail-covered altar of Cheibriados.
  3771 | D:4      | Found a hide-covered altar of Uskayaw.
  4195 | D:5      | Entered Level 5 of the Dungeon
  4203 | D:5      | Reached skill level 5 in Short Blades
  4203 | D:5      | Reached XP level 6. HP: 30/30 MP: 7/7
  4273 | D:5      | Noticed Menkaure
  4368 | D:5      | Reached skill level 9 in Stealth
  4407 | D:5      | Found a shimmering blue altar of Sif Muna.
  4559 | D:5      | Noticed Prince Ribbit
  4563 | D:5      | Killed Prince Ribbit
  4564 | D:5      | Reached skill level 10 in Stealth
  4564 | D:5      | Reached XP level 7. HP: 34/34 MP: 8/8
  5540 | D:5      | Reached skill level 11 in Stealth
  5655 | D:6      | Identified a scroll of acquirement
  5655 | D:6      | Acquired the +3 rapier "Azeum" {spect, rF+}
  5733 | D:6      | Found a sand-covered staircase.
  5743 | Ossuary  | Entered an ossuary
  5812 | Ossuary  | Reached XP level 8. HP: 38/38 MP: 9/9
  5959 | D:6      | Reached skill level 12 in Stealth
  6731 | D:6      | Reached skill level 13 in Stealth
  6775 | D:6      | Found a staircase to the Ecumenical Temple.
  6795 | Temple   | Entered the Ecumenical Temple
  7298 | Temple   | Became a worshipper of the Wu Jian Council
  7399 | D:6      | Found a broken altar of Ashenzari.
  7804 | D:7      | Identified the +8 hand crossbow "Pusism" {flame, rElec
                  | Int+4}
  8103 | D:7      | Noticed Pikel
  8125 | D:7      | Killed Pikel
  8126 | D:7      | Reached skill level 1 in Crossbows
  8126 | D:7      | Reached XP level 9. HP: 36/43 MP: 10/10
  8254 | D:7      | Noticed Maggie
  8256 | D:7      | Killed Maggie
  8257 | D:7      | Reached skill level 14 in Stealth
  8837 | D:8      | Identified the +8 spear "Spriggan's Death" {spect, rC+
                  | Dex+4}
  8838 | D:8      | Found a runed translucent door.
  8838 | D:8      | Noticed lunkers's ghost (journeyman OpEE)
  8840 | D:8      | Noticed a polar bear
  8940 | D:8      | Found a stormy altar of Qazlal.
  9268 | D:8      | Reached * piety under Wu Jian
  9479 | D:9      | Reached skill level 5 in Dodging
  9521 | D:9      | Found a runed translucent gate.
  9521 | D:9      | Found a runed translucent gate.
  9521 | D:9      | Found a runed translucent gate.
  9522 | D:9      | Noticed a ten-headed hydra
  9530 | D:9      | Noticed AbsoluteStateOfPlay's ghost (novice MiBe)
  9531 | D:9      | Noticed an 11-headed hydra
  9682 | D:9      | Noticed Psyche
  9693 | D:9      | Killed Psyche
  9694 | D:9      | Reached skill level 10 in Short Blades
  9944 | D:9      | Reached XP level 10. HP: 49/49 MP: 11/11
 10278 | D:10     | Entered Level 10 of the Dungeon
 10285 | D:10     | Found a flagged portal.
 10300 | Bailey   | Entered a bailey
 10301 | Bailey   | Acquired the +2 robe of Absence {rF+ rCorr Int+4}
 10335 | Bailey   | Reached ** piety under Wu Jian
 10395 | Bailey   | Noticed an orc knight
 10490 | Bailey   | Noticed an orc knight
 10599 | Bailey   | Killed an orc knight
 10600 | Bailey   | Reached skill level 15 in Stealth
 10825 | Bailey   | Killed an orc knight
 10830 | Bailey   | Identified the +4 pair of gloves "Zuudahec" {Harm Int+5}
 11097 | D:10     | Found a staircase to the Orcish Mines.
 11265 | D:10     | Reached skill level 5 in Crossbows
 11313 | D:10     | Found Xouss's Assorted Antiques.
 11559 | Orc:1    | Entered Level 1 of the Orcish Mines
 11559 | Orc:1    | Noticed an orc sorcerer
 11595 | D:11     | Noticed a two-headed ogre
 11603 | D:11     | Killed a two-headed ogre
 11785 | D:11     | Found a staircase to the Lair.
 11853 | D:11     | Reached skill level 5 in Fighting
 11853 | D:11     | Reached XP level 11. HP: 32/55 MP: 12/12
 12044 | D:11     | Noticed a seven-headed hydra
 12049 | D:11     | Killed a seven-headed hydra
 12122 | D:11     | Noticed a seven-headed hydra
 12129 | D:11     | Killed a seven-headed hydra
 12130 | D:11     | Reached skill level 16 in Stealth
 12205 | D:11     | Reached *** piety under Wu Jian
 12336 | D:11     | Found a portal to a secret trove of treasure.
 13000 | D:11     | Noticed an ice dragon
 13298 | D:11     | Killed from afar by an ice dragon

Illustrated notes

Levels and vault maps discovered:
D:1:      kb_arrival_jail, layout_rooms, item_on_display_a
D:2:      layout_loops_ring
D:3:      minmay_diamond_boxcup, layout_basic, lemuel_doored_altar,
          nicolae_ru_great_annihilating_truth, vehumet_altar_wand_db, minitemple
D:4:      layout_basic, mainiacjoe_overflow_tiny_flanked,
          kennysheep_slug_shrine, minmay_misc_feat_cross,
          nicolae_underground_beach
D:5:      layout_basic, nicolae_sif_muna_condensation, uniq_prince_ribbit1,
          uniq_menkaure
D:6:      layout_basic, mainiacjoe_overflow_alcove_2, minmay_temple_entry_fiery,
          enter_ossuary_1
D:7:      hellmonk_destroyed_diamonds, layout_loops_ring, dk_noncrumbling_2,
          uniq_maggie, uniq_pikel
D:8:      layout_loops_ring, mainiacjoe_overflow_alcove_4,
          ebering_ghost_funeral_grove, roderic_batcave
D:9:      layout_long_grid, gammafunk_ghost_hydra_chop, grunt_decor_clamped,
          uniq_psyche
D:10:     layout_basic, david_orc_3, enter_bailey_5, nicolae_take_the_stairs
D:11:     layout_loops_ring, lair_entry_dummy, nicolae_trove_entry_crossroad,
          portal_ice_cave_entry_animals_and_master, uniq_maurice
Temple:   hc_temple_tempest_star
Orc:1:    layout_diamond_mine, serial_shops, nicolae_lakefront_shop

Skill      XL: |  1  2  3  4  5  6  7  8  9 10 11 |
---------------+----------------------------------+-----
Stealth        | 6 7 8 10 11 13 14 15 16 | 16.4
Short Blades   | 3 4 5 6 7 9 10 11 | 11.4
Dodging        | 3 5 7 8 |  8.7
Fighting       | 2 3 5 |  5.6
Crossbows      | 1 3 5 6 |  6.3
Throwing       | |  2.1

Action                   |  1- 3 |  4- 6 |  7- 9 | 10-12 || total
-------------------------+-------+-------+-------+-------++-------
Melee: Dagger            |    84 |   153 |    52 |       ||   289
       Punch             |       |     1 |     7 |     1 ||     9
       Rapier            |       |       |   135 |   139 ||   274
 Fire: Hand crossbow     |       |       |       |    70 ||    70
Throw: Dart              |    13 |     9 |    10 |     9 ||    41
Invok: Lunge             |       |       |    16 |    16 ||    32
       Whirlwind         |       |       |       |     3 ||     3
Evoke: Wand              |       |       |     5 |    24 ||    29
  Use: Scroll            |       |       |     7 |     2 ||     9
 Stab: Sleeping          |     8 |    23 |    19 |    12 ||    62
       Distracted        |       |       |     4 |     2 ||     6
       Paralysed         |       |       |       |     2 ||     2
Armor: Robe              |    12 |    17 |    16 |    23 ||    68
Dodge: Dodged            |    53 |    85 |    82 |   121 ||   341

Table legend: (Time is in decaauts)
 A = Elapsed time spent in this place.
 B = Non-inter-level travel time spent in this place.
 C = Inter-level travel time spent in this place.
 D = Time resting spent in this place.
 E = Time spent auto-exploring this place.
 F = Levels seen in this place.
 G = Mean time per level.
                   A        B        C        D        E       F      G
               +--------+--------+--------+--------+--------+-----+--------+
         Total |   9843 |   9531 |    312 |   2251 |   5721 |  15 |  656.2 |
       Dungeon |   8743 |   8446 |    297 |   1967 |   5116 |  11 |  794.8 |
        Temple |    346 |    331 |     15 |      0 |    321 |   1 |  346.0 |
  Orcish Mines |      1 |      1 |      0 |      0 |      0 |   1 |    1.0 |
       Ossuary |    115 |    115 |      0 |      0 |     66 |   1 |  115.0 |
        Bailey |    636 |    636 |      0 |    283 |    217 |   1 |  636.0 |
               +--------+--------+--------+--------+--------+-----+--------+

Top non-repeatable levels by time:
    D:11: 1417 daAuts
     D:5: 1277 daAuts
     D:3: 1115 daAuts
     D:6: 829 daAuts
     D:1: 825 daAuts
     D:2: 784 daAuts
  Bailey: 636 daAuts
     D:7: 632 daAuts
     D:9: 545 daAuts
     D:4: 488 daAuts
     D:8: 469 daAuts
    D:10: 357 daAuts
  Temple: 346 daAuts
 Ossuary: 115 daAuts
   Orc:1: 1 daAuts
